WASHINGTON vs NEW JERSEY

Created - Thursday, April 05, 2018 at 19:02

Goals
1 2 3 OT1 SO T
WASHINGTON 1 2 0 0 2 4
NEW JERSEY 2 0 1 0 1 3
Shots
1 2 3 OT1 SO T
WASHINGTON 7 13 9 0 3 29
NEW JERSEY 15 6 8 2 3 31

1st period

1. WASHINGTON , Brayden Schenn 10 (Ryan Johansen 34, Damon Severson 29) at 10:06
2. NEW JERSEY , Andrew Copp 5 (Tom Kuhnhackl 8, Jeff Petry 23) at 14:28
3. NEW JERSEY , Dion Phaneuf 14 (Mikael Granlund 39, Evander Kane 13) at 18:10 (PP)

Penalties :
Colin Wilson (WSH) for Roughing (Minor) at 6:52, Patric Hornqvist (NJ ) for Interference (Minor) at 7:57, Damon Severson (WSH) for Hooking (Minor) at 12:05, Devante Smith-Pelly (WSH) for Roughing (Minor) at 17:28, Ryan Kesler (NJ ) for Charging (Minor) at 19:13

2nd period

4. WASHINGTON , Ryan Johansen 25 (Victor Hedman 43, Zach Werenski 28) at 4:04
5. WASHINGTON , Cal Clutterbuck 2 (Rene Bourque 3, Zemgus Girgensons 6) at 9:28

Penalties :
Jake Muzzin (NJ ) for Roughing (Minor) at 13:38, Casey Cizikas (WSH) for Holding (Minor) at 13:38, Anders Lee (NJ ) for Slashing (Minor) at 16:44

3rd period

6. NEW JERSEY , Ryan Kesler 26 (Mikael Granlund 40, Dmitry Orlov 44) at 17:05 (PP)

Penalties :
Evander Kane (NJ ) for Holding Stick (Minor) at 0:59, Evander Kane (NJ ) for High sticking (Minor) at 11:43, Casey Cizikas (WSH) for Roughing (Minor) at 15:49

Overtime #1

No Goal

Penalties :
Victor Hedman (WSH) for Hooking (Minor) at 0:27

Shootout

Penalty Shot by Ryan Johansen for WASHINGTON - Stopped by Matt Murray
Penalty Shot by Ryan Kesler for NEW JERSEY - Stopped by Mike Condon
Penalty Shot by Brayden Schenn for WASHINGTON - Goal!
Penalty Shot by Mikael Granlund for NEW JERSEY - Goal!
Penalty Shot by Alexander Wennberg for WASHINGTON - Goal!
Penalty Shot by Patric Hornqvist for NEW JERSEY - Stopped by Mike Condon

Penalties :
No Penalty

Goalie Stats

Mike Condon (WSH), 28 saves from 31 shots - (0.903), W, 3-5-0, 65:00 minutes
Matt Murray (NJ ), 26 saves from 29 shots - (0.897), OTL, 38-19-7, 65:00 minutes

Players Stats for WASHINGTON

Player Name              G  A  P  +/- PIM S  H  SB GA TA FO     MP     PP MP  PK MP  
------------------------------------------------------------------------------------
Alexander Wennberg       0  0  0   0  0   3  0  0  0  0  10/30  21:07   4:51   0:44 
Anthony DeAngelo         0  0  0   1  0   0  0  0  0  0  0/0    16:45   0:00   3:25 
Brayden Schenn           1  0  1   2  0   5  1  0  0  0  2/3    27:32   3:55   4:57 
Brett Ritchie            0  0  0   1  0   0  0  1  0  0  0/0     5:16   0:00   0:00 
Cal Clutterbuck          1  0  1   0  0   1  2  1  0  0  0/1    15:01   0:15   0:00 
Casey Cizikas            0  0  0   1  4   1  1  0  0  0  1/1    16:31   3:55   0:30 
Colin Wilson             0  0  0   0  2   2  1  0  0  0  0/1    17:40   4:51   0:00 
Damon Severson           0  1  1   0  2   0  3  3  0  0  0/0    22:35   3:43   2:17 
Devante Smith-Pelly      0  0  0   0  2   3  2  0  0  0  0/0    12:49   0:00   0:00 
Drew Miller              0  0  0   0  0   0  0  0  0  0  0/0     0:00   0:00   0:00 
Jim Slater               0  0  0   0  0   0  0  0  0  0  0/0     0:00   0:00   0:00 
Joakim Nordstrom         0  0  0   0  0   0  0  0  0  0  0/0     3:03   0:15   0:00 
Nathan Gerbe             0  0  0   0  0   0  0  0  0  0  0/0     0:00   0:00   0:00 
Rene Bourque             0  1  1   0  0   1  1  1  0  0  0/0    14:46   0:00   0:00 
Ryan Johansen            1  1  2   2  0   1  3  2  0  0  21/32  27:26   4:10   5:33 
Tom Gilbert              0  0  0   0  0   1  1  3  0  0  0/0    18:06   0:15   1:44 
Victor Hedman            0  1  1   1  2   4  2  3  0  0  0/0    26:53   5:18   2:34 
Xavier Ouellet           0  0  0   1  0   1  2  2  0  0  0/0    18:11   3:43   0:14 
Zach Werenski            0  1  1   1  0   1  1  0  0  0  0/0    27:28   5:03   3:48 
Zemgus Girgensons        0  1  1   0  0   5  1  0  0  0  8/16   18:51   4:51   0:19 

Players Stats for NEW JERSEY

Player Name              G  A  P  +/- PIM S  H  SB GA TA FO     MP     PP MP  PK MP  
------------------------------------------------------------------------------------
Anders Lee               0  0  0  -1  2   1  1  0  0  0  2/2    15:06   0:00   0:00 
Andrew Copp              1  0  1   0  0   1  0  0  0  0  3/6     7:33   0:07   0:35 
Anthony Duclair          0  0  0   0  0   2  0  0  0  0  1/1     6:09   0:07   0:34 
Colin Miller             0  0  0   0  0   1  0  0  0  0  0/0    13:52   0:00   0:56 
Dion Phaneuf             1  0  1   0  0   3  3  1  0  0  0/0    25:47   2:06   4:30 
Dmitry Orlov             0  1  1   0  0   2  0  2  0  0  0/0    24:56   1:59   4:23 
Dougie Hamilton          0  0  0  -2  0   1  1  1  0  0  0/0    26:47   2:56   4:24 
Evander Kane             0  1  1   0  4   0  2  0  0  0  0/1    16:14   3:22   0:00 
Jake Guentzel            0  0  0  -1  0   1  0  0  0  0  1/2    13:26   1:33   0:00 
Jake Muzzin              0  0  0  -2  2   0  2  0  0  0  0/0    23:23   2:56   3:49 
Jeff Petry               0  1  1   0  0   0  0  2  0  0  0/0    13:43   0:07   0:00 
Josh Anderson            0  0  0   0  0   0  0  0  0  0  0/0     0:00   0:00   0:00 
Michael Grabner          0  0  0   0  0   1  0  0  0  0  0/0    12:54   0:00   0:00 
Mikael Granlund          0  2  2  -1  0   5  1  1  0  0  2/11   26:39   3:22   5:08 
Patric Hornqvist         0  0  0  -1  2   2  4  0  0  0  1/2    16:46   1:39   1:44 
Patrick Sharp            0  0  0  -1  0   3  0  0  0  0  1/5    15:02   0:00   3:43 
Patrick Wiercioch        0  0  0   0  0   0  0  0  0  0  0/0     1:31   0:00   0:00 
Ryan Kesler              1  0  1   0  2   4  3  0  0  0  19/37  25:43   3:22   3:53 
Ryan Nugent-Hopkins      0  0  0  -1  0   1  0  0  0  0  12/16  17:01   1:33   2:25 
Tom Kuhnhackl            0  1  1   0  0   3  0  0  0  0  0/1     5:28   0:00   0:00 

3 Stars

1 - Ryan Johansen (WSH)
2 - Brayden Schenn (WSH)
3 - Cal Clutterbuck (WSH)

Power Play

WASHINGTON - 0 on 2 Attempt(s) - 0.00%
NEW JERSEY - 2 on 2 Attempt(s) - 100.00%

Penalty Kill

WASHINGTON - 0 on 2 Attempt(s) - 0.00% - Score 0 goal in Penalty Kill
NEW JERSEY - 2 on 2 Attempt(s) - 100.00% - Score 0 goal in Penalty Kill

Team Stat

WASHINGTON - Hits : 21 - Faceoff Wins : 42 - Blocked Shots : 16 - Penalty Minutes : 12
NEW JERSEY - Hits : 17 - Faceoff Wins : 42 - Blocked Shots : 7 - Penalty Minutes : 12

Official

Referees : Unknown
Linesman : Unknown

Game Notes

No Game Note

Finance

Level 1 -- Attendance: 4705 (78.42%) -- Ticket Income $470,500
Level 2 -- Attendance: 3817 (76.34%) -- Ticket Income $229,020
Level 3 -- Attendance: 1375 (68.75%) -- Ticket Income $55,000
Level 4 -- Attendance: 3733 (93.33%) -- Ticket Income $74,660
Luxury Box -- Attendance: 965 (96.50%) -- Ticket Income $173,700
Game was played at the Binghamton Devils.
Total Attendance: 14595 (81.08%)
Total Ticket Income: $1,002,880
Total Income: $1,002,880

WASHINGTON

5 vs 5 Forward 
   Center                   Left Wing                Right Wing               Time % Phy DF OF 
 1 Ryan Johansen            Brayden Schenn           Casey Cizikas            35     1   2  2  
 2 Alexander Wennberg       Devante Smith-Pelly      Colin Wilson             30     1   2  2  
 3 Zemgus Girgensons        Rene Bourque             Cal Clutterbuck          25     1   2  2  
 4 Ryan Johansen            Brayden Schenn           Brett Ritchie            10     1   2  2  

5 vs 5 Defense 
   Defense                  Defense                                           Time % Phy DF OF 
 1 Victor Hedman            Zach Werenski                                     40     1   2  2  
 2 Damon Severson           Tom Gilbert                                       30     1   2  2  
 3 Xavier Ouellet           Anthony DeAngelo                                  20     1   2  2  
 4 Victor Hedman            Zach Werenski                                     10     1   2  2  

PowerPlay Forward 
   Center                   Left Wing                Right Wing               Time % Phy DF OF 
 1 Ryan Johansen            Brayden Schenn           Casey Cizikas            60     1   2  2  
 2 Alexander Wennberg       Zemgus Girgensons        Colin Wilson             40     1   2  2  

PowerPlay Defense
   Defense                  Defense                                           Time % Phy DF OF 
 1 Victor Hedman            Zach Werenski                                     60     1   2  2  
 2 Damon Severson           Xavier Ouellet                                    40     1   2  2  

Penalty Kill 4 Players Forward 
   Center                   Wing                     Time % Phy DF OF 
 1 Ryan Johansen            Brayden Schenn           60     1   2  2  
 2 Alexander Wennberg       Casey Cizikas            40     1   2  2  

Penalty Kill 4 Players Defense
   Defense                  Defense                  Time % Phy DF OF 
 1 Victor Hedman            Zach Werenski            60     1   2  2  
 2 Damon Severson           Anthony DeAngelo         40     1   2  2  

Penalty Kill - 3 Players Forward 
   Forward                                           Time % Phy DF OF 
 1 Ryan Johansen                                     60     1   2  2  
 2 Brayden Schenn                                    40     1   2  2  

Penalty Kill - 3 Players Defense
   Defense                  Defense                  Time % Phy DF OF 
 1 Victor Hedman            Zach Werenski            60     1   2  2  
 2 Damon Severson           Anthony DeAngelo         40     1   2  2  

4 vs 4 Forward 
   Center                   Wing                     Time % Phy DF OF 
 1 Ryan Johansen            Brayden Schenn           60     1   2  2  
 2 Alexander Wennberg       Casey Cizikas            40     1   2  2  

4 vs 4 Defense
   Defense                  Defense                  Time % Phy DF OF 
 1 Victor Hedman            Zach Werenski            60     1   2  2  
 2 Damon Severson           Xavier Ouellet           40     1   2  2  

Last Minutes Offensive
   Center                   Left Wing                Right Wing               Defense                  Defense                  
   Ryan Johansen            Brayden Schenn           Casey Cizikas            Victor Hedman            Zach Werenski            

Last Minutes Defensive
   Center                   Left Wing                Right Wing               Defense                  Defense                  
   Ryan Johansen            Brayden Schenn           Casey Cizikas            Victor Hedman            Zach Werenski            

Goaltenders
Starting : Mike Condon              
Backup : Jeff Zatkoff             

Extra Forwards
Normal : Joakim Nordstrom, Cal Clutterbuck, Zemgus Girgensons - PP : Joakim Nordstrom, Cal Clutterbuck - PK : Zemgus Girgensons
Extra Defensemen
Normal : Xavier Ouellet, Anthony DeAngelo, Damon Severson - PP : Xavier Ouellet - PK : Anthony DeAngelo, Damon Severson
Penalty Shots
Ryan Johansen, Brayden Schenn, Alexander Wennberg, Cal Clutterbuck, Casey Cizikas

Scratches
WSH CAP HIT (Suspend), Tyler Wong (Healthy)

NEW JERSEY

5 vs 5 Forward 
   Center                   Left Wing                Right Wing               Time % Phy DF OF 
 1 Mikael Granlund          Anders Lee               Patric Hornqvist         36     1   2  2  
 2 Ryan Kesler              Evander Kane             Michael Grabner          30     1   2  2  
 3 Ryan Nugent-Hopkins      Jake Guentzel            Patrick Sharp            25     1   2  2  
 4 Andrew Copp              Anthony Duclair          Tom Kuhnhackl            9      1   2  2  

5 vs 5 Defense 
   Defense                  Defense                                           Time % Phy DF OF 
 1 Dougie Hamilton          Jake Muzzin                                       41     1   2  2  
 2 Dion Phaneuf             Dmitry Orlov                                      34     1   2  2  
 3 Jeff Petry               Colin Miller                                      25     1   2  2  
 4 Patrick Wiercioch        Dougie Hamilton                                   0      1   2  2  

PowerPlay Forward 
   Center                   Left Wing                Right Wing               Time % Phy DF OF 
 1 Ryan Kesler              Evander Kane             Mikael Granlund          60     1   2  2  
 2 Ryan Nugent-Hopkins      Jake Guentzel            Patric Hornqvist         40     1   2  2  

PowerPlay Defense
   Defense                  Defense                                           Time % Phy DF OF 
 1 Dougie Hamilton          Jake Muzzin                                       60     1   2  2  
 2 Dion Phaneuf             Dmitry Orlov                                      40     1   2  2  

Penalty Kill 4 Players Forward 
   Center                   Wing                     Time % Phy DF OF 
 1 Ryan Kesler              Mikael Granlund          60     1   2  2  
 2 Ryan Nugent-Hopkins      Patric Hornqvist         40     1   2  2  

Penalty Kill 4 Players Defense
   Defense                  Defense                  Time % Phy DF OF 
 1 Dougie Hamilton          Dion Phaneuf             60     1   2  2  
 2 Jake Muzzin              Dmitry Orlov             40     1   2  2  

Penalty Kill - 3 Players Forward 
   Forward                                           Time % Phy DF OF 
 1 Ryan Kesler                                       60     1   2  2  
 2 Mikael Granlund                                   40     1   2  2  

Penalty Kill - 3 Players Defense
   Defense                  Defense                  Time % Phy DF OF 
 1 Dougie Hamilton          Dion Phaneuf             60     1   2  2  
 2 Jake Muzzin              Dmitry Orlov             40     1   2  2  

4 vs 4 Forward 
   Center                   Wing                     Time % Phy DF OF 
 1 Ryan Kesler              Mikael Granlund          60     1   2  2  
 2 Ryan Nugent-Hopkins      Anders Lee               40     1   2  2  

4 vs 4 Defense
   Defense                  Defense                  Time % Phy DF OF 
 1 Dougie Hamilton          Dion Phaneuf             60     1   2  2  
 2 Jake Muzzin              Dmitry Orlov             40     1   2  2  

Last Minutes Offensive
   Center                   Left Wing                Right Wing               Defense                  Defense                  
   Ryan Kesler              Anders Lee               Patric Hornqvist         Dougie Hamilton          Dion Phaneuf             

Last Minutes Defensive
   Center                   Left Wing                Right Wing               Defense                  Defense                  
   Ryan Kesler              Anders Lee               Patric Hornqvist         Dougie Hamilton          Dion Phaneuf             

Goaltenders
Starting : Matt Murray              
Backup : Jonathan Bernier         

Extra Forwards
Normal : Andrew Copp, Jake Guentzel, Patrick Sharp - PP : Andrew Copp, Jake Guentzel - PK : Patrick Sharp
Extra Defensemen
Normal : Jeff Petry, Colin Miller, Patrick Wiercioch - PP : Jeff Petry - PK : Colin Miller, Patrick Wiercioch
Penalty Shots
Ryan Kesler, Mikael Granlund, Patric Hornqvist, Ryan Nugent-Hopkins, Michael Grabner

Scratches
Dmitrij Jaskin (Healthy), Scott Laughton (Healthy)

% Time on Ice - WASHINGTON

Lines # - Real PCT - Wanted PCT - Time Play
Normal Forward
1 - 24% - 35% - 10:12
2 - 30% - 30% - 12:50
3 - 34% - 25% - 14:46
4 - 12% - 10% - 5:16
Normal Defense
1 - 36% - 40% - 15:23
2 - 36% - 30% - 15:29
3 - 27% - 20% - 11:41
4 - 1% - 10% - 0:31
PP Forward
1 - 46% - 60% - 4:10
2 - 54% - 40% - 4:51
PP Defense
1 - 59% - 60% - 5:18
2 - 41% - 40% - 3:43
PK Forward
1 - 85% - 60% - 4:18
2 - 15% - 40% - 0:44
PK Defense
1 - 51% - 60% - 2:34
2 - 49% - 40% - 2:28
PK3 Forward
1 - 67% - 60% - 1:20
2 - 33% - 40% - 0:39
PK3 Defense
1 - 97% - 60% - 1:55
2 - 3% - 40% - 0:04
44 Forward
1 - 54% - 60% - 3:12
2 - 46% - 40% - 2:42
44 Defense
1 - 62% - 60% - 3:40
2 - 38% - 40% - 2:14
Last Minute Offensive  - 0:00
Last Minute Defensive  - 0:00
Total
Forward - 65:00
Defense - 65:00

% Time on Ice - NEW JERSEY

Lines # - Real PCT - Wanted PCT - Time Play
Normal Forward
1 - 31% - 36% - 13:23
2 - 30% - 30% - 12:54
3 - 26% - 25% - 11:19
4 - 13% - 9% - 5:28
Normal Defense
1 - 32% - 41% - 13:41
2 - 35% - 34% - 14:56
3 - 30% - 25% - 12:56
4 - 4% - 0% - 1:31
PP Forward
1 - 67% - 60% - 3:22
2 - 33% - 40% - 1:40
PP Defense
1 - 58% - 60% - 2:56
2 - 42% - 40% - 2:06
PK Forward
1 - 73% - 60% - 6:36
2 - 27% - 40% - 2:25
PK Defense
1 - 51% - 60% - 4:38
2 - 49% - 40% - 4:23
PK3 Forward
1 - 0% - 60%
2 - 0% - 40%
PK3 Defense
1 - 0% - 60%
2 - 0% - 40%
44 Forward
1 - 78% - 60% - 6:09
2 - 22% - 40% - 1:44
44 Defense
1 - 54% - 60% - 4:15
2 - 46% - 40% - 3:38
Last Minute Offensive  - 0:00
Last Minute Defensive  - 0:00
Total
Forward - 65:00
Defense - 65:00

Play-by-Play

1st period


0:01 of 1st period - Ryan Johansen wins face-off versus Mikael Granlund in neutral zone.
0:01 of 1st period - Ryan Johansen is hit by Anders Lee.
0:59 of 1st period - Shot by Ryan Kesler.
0:59 of 1st period - Stopped by Mike Condon with a rebound.
1:10 of 1st period - Icing by Evander Kane.
1:11 of 1st period - Alexander Wennberg wins face-off versus Evander Kane in NEW JERSEY zone.
1:12 of 1st period - Shot by Tom Gilbert.
1:12 of 1st period - Stopped by Matt Murray without a rebound.
1:13 of 1st period - Ryan Nugent-Hopkins wins face-off versus Cal Clutterbuck in NEW JERSEY zone.
1:15 of 1st period - Patrick Sharp is hit by Cal Clutterbuck and loses puck.
1:48 of 1st period - Shot by Patrick Sharp.
1:48 of 1st period - Stopped by Mike Condon without a rebound.
1:49 of 1st period - Anthony Duclair wins face-off versus Alexander Wennberg in WASHINGTON zone.
2:21 of 1st period - Icing by Colin Wilson.
2:22 of 1st period - Ryan Kesler wins face-off versus Alexander Wennberg in WASHINGTON zone.
3:07 of 1st period - Shot by Michael Grabner.
3:07 of 1st period - Shot Blocked by Xavier Ouellet.
3:21 of 1st period - Shot by Mikael Granlund.
3:21 of 1st period - Shot Misses the Net.
3:45 of 1st period - Anders Lee is hit by Ryan Johansen and loses puck.
3:54 of 1st period - Shot by Mikael Granlund.
3:54 of 1st period - Shot Blocked by Damon Severson.
3:56 of 1st period - Shot by Mikael Granlund.
3:56 of 1st period - Stopped by Mike Condon with a rebound.
4:12 of 1st period - Shot by Jake Guentzel.
4:12 of 1st period - Shot Blocked by Brett Ritchie.
4:14 of 1st period - Shot by Patrick Sharp.
4:14 of 1st period - Shot Misses the Net.
4:16 of 1st period - Shot by Jake Guentzel.
4:16 of 1st period - Shot Misses the Net.
4:18 of 1st period - Shot by Ryan Nugent-Hopkins.
4:18 of 1st period - Shot Misses the Net.
4:20 of 1st period - Shot by Patrick Sharp.
4:20 of 1st period - Stopped by Mike Condon without a rebound.
4:21 of 1st period - Zemgus Girgensons wins face-off versus Tom Kuhnhackl in WASHINGTON zone.
4:32 of 1st period - Shot by Zemgus Girgensons.
4:32 of 1st period - Stopped by Matt Murray without a rebound.
4:33 of 1st period - Zemgus Girgensons wins face-off versus Ryan Nugent-Hopkins in NEW JERSEY zone.
4:38 of 1st period - Shot by Zemgus Girgensons.
4:38 of 1st period - Shot Misses the Net.
4:50 of 1st period - Shot by Dion Phaneuf.
4:50 of 1st period - Shot Blocked by Victor Hedman.
4:55 of 1st period - Ryan Nugent-Hopkins is hit by Victor Hedman and loses puck.
5:08 of 1st period - Shot by Cal Clutterbuck.
5:08 of 1st period - Shot Blocked by Dion Phaneuf.
5:31 of 1st period - Dmitry Orlov is hit by Damon Severson and loses puck.
5:44 of 1st period - Icing by Dion Phaneuf.
5:45 of 1st period - Ryan Johansen wins face-off versus Ryan Nugent-Hopkins in NEW JERSEY zone.
6:36 of 1st period - Icing by Victor Hedman.
6:37 of 1st period - Alexander Wennberg wins face-off versus Ryan Kesler in WASHINGTON zone.
6:52 of 1st period - Minor Penalty to Colin Wilson for Roughing.
6:53 of 1st period - Ryan Kesler wins face-off versus Ryan Johansen in WASHINGTON zone.
7:04 of 1st period - Shot by Jake Muzzin.
7:04 of 1st period - Shot Misses the Net.
7:06 of 1st period - Shot by Mikael Granlund.
7:06 of 1st period - Shot Blocked by Ryan Johansen.
7:08 of 1st period - Shot by Mikael Granlund.
7:08 of 1st period - Stopped by Mike Condon without a rebound.
7:09 of 1st period - Ryan Johansen wins face-off versus Ryan Kesler in WASHINGTON zone.
7:57 of 1st period - Minor Penalty to Patric Hornqvist for Interference.
7:58 of 1st period - Ryan Kesler wins face-off versus Alexander Wennberg in NEW JERSEY zone.
8:03 of 1st period - Casey Cizikas is hit by Mikael Granlund and loses puck.
8:07 of 1st period - Icing by Xavier Ouellet.
8:08 of 1st period - Ryan Kesler wins face-off versus Alexander Wennberg in WASHINGTON zone.
8:21 of 1st period - Shot by Ryan Kesler.
8:21 of 1st period - Shot Misses the Net.
8:52 of 1st period - Shot by Alexander Wennberg.
8:52 of 1st period - Stopped by Matt Murray without a rebound.
8:53 of 1st period - Ryan Nugent-Hopkins wins face-off versus Alexander Wennberg in NEW JERSEY zone.
8:53 of 1st period - Ryan Nugent-Hopkins is hit by Colin Wilson.
10:06 of 1st period - Shot by Brayden Schenn.
10:06 of 1st period - Goal by Brayden Schenn - WASHINGTON : 1 - NEW JERSEY : 0.
10:07 of 1st period - Ryan Johansen wins face-off versus Ryan Kesler in neutral zone.
10:50 of 1st period - Icing by Anthony DeAngelo.
10:51 of 1st period - Andrew Copp wins face-off versus Ryan Johansen in WASHINGTON zone.
11:43 of 1st period - Icing by Victor Hedman.
11:44 of 1st period - Zemgus Girgensons wins face-off versus Mikael Granlund in WASHINGTON zone.
11:44 of 1st period - Zemgus Girgensons is hit by Patric Hornqvist.
12:05 of 1st period - Minor Penalty to Damon Severson for Hooking.
12:06 of 1st period - Ryan Johansen wins face-off versus Ryan Kesler in WASHINGTON zone.
12:23 of 1st period - Shot by Dion Phaneuf.
12:23 of 1st period - Stopped by Mike Condon without a rebound.
12:24 of 1st period - Ryan Johansen wins face-off versus Ryan Nugent-Hopkins in WASHINGTON zone.
12:33 of 1st period - Shot by Dougie Hamilton.
12:33 of 1st period - Stopped by Mike Condon without a rebound.
12:34 of 1st period - Brayden Schenn wins face-off versus Ryan Kesler in WASHINGTON zone.
13:41 of 1st period - Ryan Johansen is hit by Patric Hornqvist and loses puck.
13:56 of 1st period - Shot by Dmitry Orlov.
13:56 of 1st period - Deflect By Ryan Nugent-Hopkins.
13:56 of 1st period - Shot Blocked by Victor Hedman.
13:58 of 1st period - Shot by Ryan Nugent-Hopkins.
13:58 of 1st period - Shot Blocked by Victor Hedman.
14:04 of 1st period - Shot by Ryan Nugent-Hopkins.
14:04 of 1st period - Shot Misses the Net.
14:18 of 1st period - Shot by Andrew Copp.
14:18 of 1st period - Shot Misses the Net.
14:20 of 1st period - Shot by Tom Kuhnhackl.
14:20 of 1st period - Shot Blocked by Tom Gilbert.
14:26 of 1st period - Shot by Tom Kuhnhackl.
14:26 of 1st period - Stopped by Mike Condon with a rebound.
14:28 of 1st period - Shot by Andrew Copp.
14:28 of 1st period - Goal by Andrew Copp - WASHINGTON : 1 - NEW JERSEY : 1.
14:29 of 1st period - Ryan Nugent-Hopkins wins face-off versus Alexander Wennberg in neutral zone.
14:45 of 1st period - Shot by Devante Smith-Pelly.
14:45 of 1st period - Stopped by Matt Murray without a rebound.
14:46 of 1st period - Zemgus Girgensons wins face-off versus Ryan Kesler in NEW JERSEY zone.
14:59 of 1st period - Shot by Michael Grabner.
14:59 of 1st period - Stopped by Mike Condon with a rebound.
15:01 of 1st period - Shot by Colin Miller.
15:01 of 1st period - Stopped by Mike Condon without a rebound.
15:02 of 1st period - Mikael Granlund wins face-off versus Ryan Johansen in WASHINGTON zone.
15:31 of 1st period - Shot by Patric Hornqvist.
15:31 of 1st period - Shot Blocked by Ryan Johansen.
15:33 of 1st period - Shot by Dougie Hamilton.
15:33 of 1st period - Shot Misses the Net.
16:46 of 1st period - Shot by Dion Phaneuf.
16:46 of 1st period - Shot Misses the Net.
16:48 of 1st period - Shot by Dion Phaneuf.
16:48 of 1st period - Stopped by Mike Condon without a rebound.
16:49 of 1st period - Ryan Nugent-Hopkins wins face-off versus Zemgus Girgensons in WASHINGTON zone.
16:56 of 1st period - Shot by Patrick Sharp.
16:56 of 1st period - Stopped by Mike Condon without a rebound.
16:57 of 1st period - Ryan Kesler wins face-off versus Zemgus Girgensons in WASHINGTON zone.
17:15 of 1st period - Off-side.
17:16 of 1st period - Ryan Nugent-Hopkins wins face-off versus Alexander Wennberg in neutral zone.
17:28 of 1st period - Minor Penalty to Devante Smith-Pelly for Roughing.
17:29 of 1st period - Ryan Johansen wins face-off versus Ryan Kesler in WASHINGTON zone.
17:44 of 1st period - Dmitry Orlov is hit by Ryan Johansen and loses puck.
18:10 of 1st period - Shot by Dion Phaneuf.
18:10 of 1st period - Goal by Dion Phaneuf - WASHINGTON : 1 - NEW JERSEY : 2.
18:11 of 1st period - Jake Guentzel wins face-off versus Alexander Wennberg in neutral zone.
18:29 of 1st period - Shot by Colin Wilson.
18:29 of 1st period - Shot Misses the Net.
18:31 of 1st period - Shot by Devante Smith-Pelly.
18:31 of 1st period - Stopped by Matt Murray without a rebound.
18:32 of 1st period - Zemgus Girgensons wins face-off versus Andrew Copp in NEW JERSEY zone.
18:41 of 1st period - Shot by Zemgus Girgensons.
18:41 of 1st period - Shot Blocked by Jeff Petry.
19:03 of 1st period - Shot by Anthony Duclair.
19:03 of 1st period - Stopped by Mike Condon without a rebound.
19:04 of 1st period - Ryan Kesler wins face-off versus Ryan Johansen in WASHINGTON zone.
19:12 of 1st period - Victor Hedman is hit by Ryan Kesler and loses puck.
19:13 of 1st period - Minor Penalty to Ryan Kesler for Charging.
19:14 of 1st period - Casey Cizikas wins face-off versus Patrick Sharp in NEW JERSEY zone.
19:29 of 1st period - Shot by Victor Hedman.
19:29 of 1st period - Stopped by Matt Murray without a rebound.
19:30 of 1st period - Alexander Wennberg wins face-off versus Patrick Sharp in NEW JERSEY zone.
Goals for this period are 1 for WASHINGTON vs 2 for NEW JERSEY.
Shots for this period are 7 for WASHINGTON vs 15 for NEW JERSEY.

2nd period


0:01 of 2nd period - Ryan Johansen wins face-off versus Patrick Sharp in neutral zone.
0:55 of 2nd period - Shot by Damon Severson.
0:55 of 2nd period - Shot Misses the Net.
0:57 of 2nd period - Shot by Colin Wilson.
0:57 of 2nd period - Shot Misses the Net.
0:59 of 2nd period - Shot by Alexander Wennberg.
0:59 of 2nd period - Shot Blocked by Dmitry Orlov.
1:01 of 2nd period - Shot by Zemgus Girgensons.
1:01 of 2nd period - Stopped by Matt Murray without a rebound.
1:02 of 2nd period - Alexander Wennberg wins face-off versus Andrew Copp in NEW JERSEY zone.
1:03 of 2nd period - Shot by Zemgus Girgensons.
1:03 of 2nd period - Stopped by Matt Murray with a rebound.
1:07 of 2nd period - Shot by Alexander Wennberg.
1:07 of 2nd period - Stopped by Matt Murray without a rebound.
1:08 of 2nd period - Andrew Copp wins face-off versus Alexander Wennberg in NEW JERSEY zone.
1:38 of 2nd period - Shot by Michael Grabner.
1:38 of 2nd period - Shot Blocked by Damon Severson.
1:40 of 2nd period - Shot by Michael Grabner.
1:40 of 2nd period - Shot Blocked by Tom Gilbert.
1:52 of 2nd period - Evander Kane is hit by Damon Severson and loses puck.
1:57 of 2nd period - Shot by Evander Kane.
1:57 of 2nd period - Shot Blocked by Damon Severson.
2:17 of 2nd period - Shot by Jake Muzzin.
2:17 of 2nd period - Shot Blocked by Rene Bourque.
2:26 of 2nd period - Tom Kuhnhackl is hit by Damon Severson and loses puck.
2:31 of 2nd period - Shot by Anthony Duclair.
2:31 of 2nd period - Stopped by Mike Condon without a rebound.
2:32 of 2nd period - Ryan Johansen wins face-off versus Mikael Granlund in WASHINGTON zone.
2:40 of 2nd period - Anders Lee is hit by Victor Hedman and loses puck.
2:51 of 2nd period - Shot by Brayden Schenn.
2:51 of 2nd period - Stopped by Matt Murray without a rebound.
2:52 of 2nd period - Ryan Nugent-Hopkins wins face-off versus Alexander Wennberg in NEW JERSEY zone.
3:18 of 2nd period - Shot by Colin Wilson.
3:18 of 2nd period - Stopped by Matt Murray with a rebound.
3:20 of 2nd period - Shot by Colin Wilson.
3:20 of 2nd period - Stopped by Matt Murray with a rebound.
3:25 of 2nd period - Colin Wilson is hit by Jake Muzzin and loses puck.
3:29 of 2nd period - Devante Smith-Pelly is hit by Dougie Hamilton and loses puck.
4:04 of 2nd period - Shot by Ryan Johansen.
4:04 of 2nd period - Goal by Ryan Johansen - WASHINGTON : 2 - NEW JERSEY : 2.
4:05 of 2nd period - Ryan Johansen wins face-off versus Mikael Granlund in neutral zone.
4:46 of 2nd period - Icing by Victor Hedman.
4:47 of 2nd period - Ryan Johansen wins face-off versus Ryan Kesler in WASHINGTON zone.
4:47 of 2nd period - Ryan Johansen is hit by Ryan Kesler.
4:50 of 2nd period - Icing by Brayden Schenn.
4:51 of 2nd period - Ryan Johansen wins face-off versus Ryan Kesler in WASHINGTON zone.
4:51 of 2nd period - Ryan Johansen is hit by Evander Kane.
5:19 of 2nd period - Icing by Jeff Petry.
5:20 of 2nd period - Ryan Kesler wins face-off versus Zemgus Girgensons in NEW JERSEY zone.
5:20 of 2nd period - Ryan Kesler is hit by Rene Bourque.
5:34 of 2nd period - Shot by Michael Grabner.
5:34 of 2nd period - Shot Misses the Net.
5:54 of 2nd period - Icing by Rene Bourque.
5:55 of 2nd period - Mikael Granlund wins face-off versus Zemgus Girgensons in WASHINGTON zone.
5:56 of 2nd period - Shot by Jake Muzzin.
5:56 of 2nd period - Shot Misses the Net.
6:13 of 2nd period - Mikael Granlund is hit by Xavier Ouellet and loses puck.
6:16 of 2nd period - Shot by Dougie Hamilton.
6:16 of 2nd period - Shot Blocked by Xavier Ouellet.
6:18 of 2nd period - Shot by Mikael Granlund.
6:18 of 2nd period - Shot Blocked by Cal Clutterbuck.
6:20 of 2nd period - Shot by Jake Muzzin.
6:20 of 2nd period - Shot Misses the Net.
6:22 of 2nd period - Shot by Mikael Granlund.
6:22 of 2nd period - Stopped by Mike Condon with a rebound.
7:00 of 2nd period - Dion Phaneuf is hit by Ryan Johansen and loses puck.
7:23 of 2nd period - Shot by Casey Cizikas.
7:23 of 2nd period - Shot Misses the Net.
7:50 of 2nd period - Shot by Devante Smith-Pelly.
7:50 of 2nd period - Stopped by Matt Murray without a rebound.
7:51 of 2nd period - Alexander Wennberg wins face-off versus Ryan Kesler in NEW JERSEY zone.
7:58 of 2nd period - Devante Smith-Pelly is hit by Ryan Kesler and loses puck.
9:12 of 2nd period - Shot by Patric Hornqvist.
9:12 of 2nd period - Stopped by Mike Condon without a rebound.
9:13 of 2nd period - Zemgus Girgensons wins face-off versus Mikael Granlund in WASHINGTON zone.
9:26 of 2nd period - Shot by Rene Bourque.
9:26 of 2nd period - Stopped by Matt Murray with a rebound.
9:28 of 2nd period - Shot by Cal Clutterbuck.
9:28 of 2nd period - Goal by Cal Clutterbuck - WASHINGTON : 3 - NEW JERSEY : 2.
9:29 of 2nd period - Ryan Nugent-Hopkins wins face-off versus Alexander Wennberg in neutral zone.
9:58 of 2nd period - Shot by Alexander Wennberg.
9:58 of 2nd period - Shot Hit the Post.
10:35 of 2nd period - Rene Bourque is hit by Jake Muzzin.
11:29 of 2nd period - Shot by Michael Grabner.
11:29 of 2nd period - Shot Misses the Net.
12:01 of 2nd period - Shot by Casey Cizikas.
12:01 of 2nd period - Stopped by Matt Murray without a rebound.
12:02 of 2nd period - Ryan Nugent-Hopkins wins face-off versus Alexander Wennberg in NEW JERSEY zone.
12:09 of 2nd period - Shot by Jake Guentzel.
12:09 of 2nd period - Stopped by Mike Condon without a rebound.
12:10 of 2nd period - Patrick Sharp wins face-off versus Alexander Wennberg in WASHINGTON zone.
12:24 of 2nd period - Dmitry Orlov is hit by Devante Smith-Pelly.
12:34 of 2nd period - Shot by Ryan Nugent-Hopkins.
12:34 of 2nd period - Shot Misses the Net.
12:55 of 2nd period - Patrick Sharp is hit by Tom Gilbert and loses puck.
13:38 of 2nd period - Minor Penalty to Jake Muzzin for Roughing.
13:38 of 2nd period - Minor Penalty to Casey Cizikas for Holding.
13:39 of 2nd period - Ryan Johansen wins face-off versus Ryan Kesler in NEW JERSEY zone.
13:44 of 2nd period - Shot by Brayden Schenn.
13:44 of 2nd period - Shot Misses the Net.
13:52 of 2nd period - Shot by Brayden Schenn.
13:52 of 2nd period - Stopped by Matt Murray without a rebound.
13:53 of 2nd period - Ryan Johansen wins face-off versus Ryan Kesler in NEW JERSEY zone.
13:56 of 2nd period - Shot by Ryan Johansen.
13:56 of 2nd period - Shot Misses the Net.
14:48 of 2nd period - Shot by Anders Lee.
14:48 of 2nd period - Stopped by Mike Condon without a rebound.
14:49 of 2nd period - Alexander Wennberg wins face-off versus Andrew Copp in WASHINGTON zone.
15:18 of 2nd period - Shot by Alexander Wennberg.
15:18 of 2nd period - Shot Blocked by Dougie Hamilton.
16:04 of 2nd period - Shot by Patrick Sharp.
16:04 of 2nd period - Shot Blocked by Tom Gilbert.
16:25 of 2nd period - Icing by Cal Clutterbuck.
16:26 of 2nd period - Patric Hornqvist wins face-off versus Zemgus Girgensons in WASHINGTON zone.
16:44 of 2nd period - Minor Penalty to Anders Lee for Slashing.
16:45 of 2nd period - Ryan Johansen wins face-off versus Ryan Kesler in NEW JERSEY zone.
17:23 of 2nd period - Shot by Victor Hedman.
17:23 of 2nd period - Shot Misses the Net.
19:10 of 2nd period - Shot by Tom Kuhnhackl.
19:10 of 2nd period - Stopped by Mike Condon without a rebound.
19:11 of 2nd period - Ryan Nugent-Hopkins wins face-off versus Alexander Wennberg in WASHINGTON zone.
19:18 of 2nd period - Dougie Hamilton is hit by Devante Smith-Pelly and loses puck.
19:29 of 2nd period - Shot by Xavier Ouellet.
19:29 of 2nd period - Stopped by Matt Murray without a rebound.
19:30 of 2nd period - Zemgus Girgensons wins face-off versus Patric Hornqvist in NEW JERSEY zone.
Goals for this period are 2 for WASHINGTON vs 0 for NEW JERSEY.
Shots for this period are 13 for WASHINGTON vs 6 for NEW JERSEY.

3rd period


0:01 of 3rd period - Ryan Johansen wins face-off versus Mikael Granlund in neutral zone.
0:08 of 3rd period - Shot by Ryan Johansen.
0:08 of 3rd period - Shot Misses the Net.
0:59 of 3rd period - Minor Penalty to Evander Kane for Holding Stick.
1:00 of 3rd period - Alexander Wennberg wins face-off versus Ryan Kesler in NEW JERSEY zone.
4:09 of 3rd period - Shot by Mikael Granlund.
4:09 of 3rd period - Shot Misses the Net.
4:23 of 3rd period - Shot by Mikael Granlund.
4:23 of 3rd period - Stopped by Mike Condon with a rebound.
4:25 of 3rd period - Shot by Dmitry Orlov.
4:25 of 3rd period - Shot Misses the Net.
4:50 of 3rd period - Icing by Alexander Wennberg.
4:51 of 3rd period - Ryan Kesler wins face-off versus Alexander Wennberg in WASHINGTON zone.
6:01 of 3rd period - Off-side.
6:02 of 3rd period - Ryan Nugent-Hopkins wins face-off versus Zemgus Girgensons in neutral zone.
6:07 of 3rd period - Shot by Jake Guentzel.
6:07 of 3rd period - Shot Misses the Net.
6:33 of 3rd period - Shot by Cal Clutterbuck.
6:33 of 3rd period - Shot Blocked by Dmitry Orlov.
6:38 of 3rd period - Off-side.
6:39 of 3rd period - Anders Lee wins face-off versus Ryan Johansen in neutral zone.
6:46 of 3rd period - Shot by Mikael Granlund.
6:46 of 3rd period - Stopped by Mike Condon without a rebound.
6:47 of 3rd period - Brayden Schenn wins face-off versus Mikael Granlund in WASHINGTON zone.
7:02 of 3rd period - Shot by Brayden Schenn.
7:02 of 3rd period - Stopped by Matt Murray without a rebound.
7:03 of 3rd period - Ryan Kesler wins face-off versus Zemgus Girgensons in NEW JERSEY zone.
7:10 of 3rd period - Zach Werenski is hit by Evander Kane and loses puck.
7:17 of 3rd period - Evander Kane is hit by Cal Clutterbuck and loses puck.
8:39 of 3rd period - Shot by Patric Hornqvist.
8:39 of 3rd period - Stopped by Mike Condon without a rebound.
8:40 of 3rd period - Ryan Johansen wins face-off versus Patrick Sharp in WASHINGTON zone.
8:50 of 3rd period - Patrick Sharp is hit by Xavier Ouellet.
9:10 of 3rd period - Shot by Ryan Nugent-Hopkins.
9:10 of 3rd period - Shot Misses the Net.
9:42 of 3rd period - Shot by Ryan Kesler.
9:42 of 3rd period - Shot Misses the Net.
9:44 of 3rd period - Shot by Ryan Kesler.
9:44 of 3rd period - Stopped by Mike Condon without a rebound.
9:45 of 3rd period - Zemgus Girgensons wins face-off versus Mikael Granlund in WASHINGTON zone.
9:52 of 3rd period - Shot by Mikael Granlund.
9:52 of 3rd period - Shot Misses the Net.
10:26 of 3rd period - Shot by Zach Werenski.
10:26 of 3rd period - Shot Misses the Net.
10:39 of 3rd period - Off-side.
10:40 of 3rd period - Alexander Wennberg wins face-off versus Ryan Kesler in neutral zone.
10:52 of 3rd period - Icing by Dion Phaneuf.
10:53 of 3rd period - Ryan Kesler wins face-off versus Ryan Johansen in NEW JERSEY zone.
10:53 of 3rd period - Ryan Kesler is hit by Brayden Schenn.
11:24 of 3rd period - Ryan Johansen is hit by Dion Phaneuf and loses puck.
11:42 of 3rd period - Dmitry Orlov is hit by Zach Werenski.
11:43 of 3rd period - Minor Penalty to Evander Kane for High sticking.
11:44 of 3rd period - Alexander Wennberg wins face-off versus Ryan Kesler in NEW JERSEY zone.
11:45 of 3rd period - Shot by Victor Hedman.
11:45 of 3rd period - Shot Blocked by Mikael Granlund.
11:47 of 3rd period - Shot by Zach Werenski.
11:47 of 3rd period - Stopped by Matt Murray without a rebound.
11:48 of 3rd period - Ryan Kesler wins face-off versus Alexander Wennberg in NEW JERSEY zone.
12:01 of 3rd period - Shot by Zach Werenski.
12:01 of 3rd period - Shot Misses the Net.
12:03 of 3rd period - Shot by Victor Hedman.
12:03 of 3rd period - Stopped by Matt Murray with a rebound.
12:09 of 3rd period - Shot by Victor Hedman.
12:09 of 3rd period - Shot Misses the Net.
12:11 of 3rd period - Shot by Victor Hedman.
12:11 of 3rd period - Stopped by Matt Murray with a rebound.
12:19 of 3rd period - Shot by Zach Werenski.
12:19 of 3rd period - Shot Misses the Net.
12:21 of 3rd period - Shot by Zach Werenski.
12:21 of 3rd period - Deflect By Colin Wilson.
12:21 of 3rd period - Shot Misses the Net.
12:23 of 3rd period - Shot by Zemgus Girgensons.
12:23 of 3rd period - Stopped by Matt Murray without a rebound.
12:24 of 3rd period - Ryan Nugent-Hopkins wins face-off versus Ryan Johansen in NEW JERSEY zone.
13:19 of 3rd period - Icing by Zach Werenski.
13:20 of 3rd period - Alexander Wennberg wins face-off versus Ryan Kesler in WASHINGTON zone.
13:50 of 3rd period - Andrew Copp is hit by Zemgus Girgensons and loses puck.
14:05 of 3rd period - Shot by Andrew Copp.
14:05 of 3rd period - Shot Misses the Net.
14:16 of 3rd period - Shot by Colin Miller.
14:16 of 3rd period - Shot Misses the Net.
14:18 of 3rd period - Shot by Tom Kuhnhackl.
14:18 of 3rd period - Stopped by Mike Condon without a rebound.
14:19 of 3rd period - Ryan Johansen wins face-off versus Mikael Granlund in WASHINGTON zone.
14:19 of 3rd period - Ryan Johansen is hit by Patric Hornqvist.
14:25 of 3rd period - Patric Hornqvist is hit by Casey Cizikas.
14:59 of 3rd period - Shot by Brayden Schenn.
14:59 of 3rd period - Stopped by Matt Murray without a rebound.
15:00 of 3rd period - Ryan Kesler wins face-off versus Alexander Wennberg in NEW JERSEY zone.
15:06 of 3rd period - Off-side.
15:07 of 3rd period - Ryan Kesler wins face-off versus Colin Wilson in neutral zone.
15:44 of 3rd period - Icing by Ryan Kesler.
15:45 of 3rd period - Ryan Kesler wins face-off versus Ryan Johansen in NEW JERSEY zone.
15:49 of 3rd period - Minor Penalty to Casey Cizikas for Roughing.
15:50 of 3rd period - Ryan Johansen wins face-off versus Jake Guentzel in WASHINGTON zone.
17:01 of 3rd period - Shot by Dmitry Orlov.
17:01 of 3rd period - Shot Misses the Net.
17:03 of 3rd period - Shot by Ryan Kesler.
17:03 of 3rd period - Stopped by Mike Condon with a rebound.
17:05 of 3rd period - Shot by Mikael Granlund.
17:05 of 3rd period - Deflect By Ryan Kesler.
17:05 of 3rd period - Goal by Ryan Kesler - WASHINGTON : 3 - NEW JERSEY : 3.
17:06 of 3rd period - Andrew Copp wins face-off versus Alexander Wennberg in neutral zone.
17:24 of 3rd period - Shot by Zach Werenski.
17:24 of 3rd period - Shot Blocked by Jeff Petry.
17:26 of 3rd period - Shot by Alexander Wennberg.
17:26 of 3rd period - Stopped by Matt Murray without a rebound.
17:27 of 3rd period - Ryan Kesler wins face-off versus Zemgus Girgensons in NEW JERSEY zone.
17:34 of 3rd period - Shot by Dmitry Orlov.
17:34 of 3rd period - Stopped by Mike Condon with a rebound.
17:51 of 3rd period - Shot by Zemgus Girgensons.
17:51 of 3rd period - Stopped by Matt Murray without a rebound.
17:52 of 3rd period - Anders Lee wins face-off versus Alexander Wennberg in NEW JERSEY zone.
17:57 of 3rd period - Alexander Wennberg is hit by Patric Hornqvist and loses puck.
18:34 of 3rd period - Shot by Victor Hedman.
18:34 of 3rd period - Stopped by Matt Murray without a rebound.
18:35 of 3rd period - Ryan Kesler wins face-off versus Brayden Schenn in NEW JERSEY zone.
19:10 of 3rd period - Shot by Evander Kane.
19:10 of 3rd period - Shot Misses the Net.
19:15 of 3rd period - Brayden Schenn is hit by Dion Phaneuf and loses puck.
Goals for this period are 0 for WASHINGTON vs 1 for NEW JERSEY.
Shots for this period are 9 for WASHINGTON vs 8 for NEW JERSEY.

Overtime #1


0:01 of 1st overtime period - Ryan Johansen wins face-off versus Ryan Kesler in neutral zone.
0:06 of 1st overtime period - Shot by Zach Werenski.
0:06 of 1st overtime period - Shot Misses the Net.
0:27 of 1st overtime period - Minor Penalty to Victor Hedman for Hooking.
0:28 of 1st overtime period - Ryan Kesler wins face-off versus Ryan Johansen in WASHINGTON zone.
0:31 of 1st overtime period - Shot by Dmitry Orlov.
0:31 of 1st overtime period - Stopped by Mike Condon without a rebound.
0:32 of 1st overtime period - Ryan Kesler wins face-off versus Ryan Johansen in WASHINGTON zone.
0:56 of 1st overtime period - Shot by Mikael Granlund.
0:56 of 1st overtime period - Shot Misses the Net.
1:50 of 1st overtime period - Icing by Dougie Hamilton.
1:51 of 1st overtime period - Ryan Johansen wins face-off versus Ryan Nugent-Hopkins in NEW JERSEY zone.
1:55 of 1st overtime period - Ryan Johansen is hit by Dion Phaneuf and loses puck.
2:06 of 1st overtime period - Shot by Ryan Johansen.
2:06 of 1st overtime period - Shot Misses the Net.
3:51 of 1st overtime period - Icing by Casey Cizikas.
3:52 of 1st overtime period - Ryan Nugent-Hopkins wins face-off versus Alexander Wennberg in WASHINGTON zone.
3:55 of 1st overtime period - Shot by Ryan Nugent-Hopkins.
3:55 of 1st overtime period - Stopped by Mike Condon without a rebound.
3:56 of 1st overtime period - Ryan Kesler wins face-off versus Ryan Johansen in WASHINGTON zone.
4:13 of 1st overtime period - Shot by Ryan Johansen.
4:13 of 1st overtime period - Shot Misses the Net.
Goals for this period are 0 for WASHINGTON vs 0 for NEW JERSEY.
Shots for this period are 0 for WASHINGTON vs 2 for NEW JERSEY.

ShootOut


5:00 of 1st overtime period - Penalty Shot by Ryan Johansen for WASHINGTON.
5:00 of 1st overtime period - Stopped by Matt Murray.
5:00 of 1st overtime period - Penalty Shot by Ryan Kesler for NEW JERSEY.
5:00 of 1st overtime period - Stopped by Mike Condon.
5:00 of 1st overtime period - Penalty Shot by Brayden Schenn for WASHINGTON.
5:00 of 1st overtime period - Goal by Brayden Schenn.
5:00 of 1st overtime period - Penalty Shot by Mikael Granlund for NEW JERSEY.
5:00 of 1st overtime period - Goal by Mikael Granlund.
5:00 of 1st overtime period - Penalty Shot by Alexander Wennberg for WASHINGTON.
5:00 of 1st overtime period - Goal by Alexander Wennberg.
5:00 of 1st overtime period - Penalty Shot by Patric Hornqvist for NEW JERSEY.
5:00 of 1st overtime period - Stopped by Mike Condon.